 Dungeon Crawl Stone Soup version 0.13-a0-2531-g2ad9301 (webtiles) character file.

661 Rycklaryybbe the Twirler (level 6, -1/46 HPs)
             Began as a Demonspawn Gladiator on July 26, 2013.
             Was a High Priest of Jiyva.
             Slain by a sky beast (5 damage)
             ... on Level 5 of the Dungeon.
             The game lasted 00:19:03 (4925 turns).

Rycklaryybbe the Twirler (Demonspawn Gladiator)     Turns: 4925, Time: 00:19:03

HP  -1/46        AC  5     Str 14      XL: 6   Next: 81%
MP   5/5         EV 12     Int 12      God: Jiyva [*****.]
Gold 195         SH  0     Dex 16      Spells:  0 memorised,  5 levels left

Res.Fire  : x . .   See Invis. : .   a - +0,+1 quarterstaff
Res.Cold  : + . .   Warding    : .   b - +0 leather armour
Life Prot.: . . .   Conserve   : .   (no shield)
Res.Poison: .       Res.Corr.  : +   c - +1 helmet
Res.Elec. : .       Clarity    : .   (no cloak)
Sust.Abil.: . .     Spirit.Shd : .   (no gloves)
Res.Mut.  : .       Stasis     : .   (no boots)
Res.Rott. : .       Flight     : .   (no amulet)
Saprovore : . . .                    h - +3 ring of dexterity
                                     r - cursed ring of ice

@: slightly resistant to hostile enchantments, very unstealthy
A: hooves 1, spiny 1, acidic bite, Str -1
a: Request Jelly, Jelly Paralyse, Slimify, Cure Bad Mutation, Renounce Religion


You were on level 5 of the Dungeon.
You worshipped Jiyva.
Jiyva was exalted by your worship.
You were not hungry.

You visited 1 branch of the dungeon, and saw 5 of its levels.

You collected 175 gold pieces.

Inventory:

Hand weapons
 a - a +0,+1 quarterstaff (weapon)
 C - a +0 blowgun
Missiles
 d - a throwing net (quivered)
 q - a throwing net [frayed]
 y - 6 poisoned needles
Armour
 b - a +0 leather armour (worn)
 c - a +1 helmet (worn)
Comestibles
 f - 3 bread rations
 g - a rotting chunk of bat flesh
 v - 2 meat rations
 z - 2 chokos
 A - an apple
Scrolls
 e - 2 scrolls of identify
 n - a scroll of fear
 x - 2 scrolls of fog
Jewellery
 h - a +3 ring of dexterity (right hand)
 r - a cursed ring of ice (left hand)
 F - an uncursed ring of invisibility
Potions
 i - a potion of magic {unknown}
 l - a potion of mutation {unknown}
 u - a potion of speed


   Skills:
 - Level 2.0 Fighting
 + Level 7.1 Staves
 - Level 1.7 Throwing
 - Level 2.6 Dodging


You had 5 spell levels left.
You didn't know any spells.

Dungeon Overview and Level Annotations

Branches:
Dungeon (5/27)
 Temple: D:4-7

Altars:
Cheibriados
Fedhas
Trog
Jiyva

Annotations
D:5 1 exclusion, 4tharraofdagon's ghost, experienced DjBe


Innate Abilities, Weirdness & Mutations

You have large cloven feet.
You are partially covered in sharp spines.
You are weak (Str -1).
You have acidic saliva.


Message History

Okay, then.
Drink which item? (? for menu, Esc to quit)
You feel much better.
The sky beast flickers out of sight!
Deactivating autopickup; reactivate with Ctrl-A.
It hits you but does no damage.
You closely miss it. Your kick misses it. You bite it. It hits you.
It shocks you.
You miss it. It hits you. It shocks you.
You sock it! It hits you but does no damage.
You hit it but do no damage. It hits you but does no damage.
You closely miss it. You bite it. It hits you. It shocks you!
You hit it but do no damage. It completely misses you.
You miss it. Your kick misses it. It hits you. It shocks you.
You miss it. It hits you. It shocks you!
* * * LOW HITPOINT WARNING * * *
You closely miss it. Your kick misses it. It hits you but does no damage.
You miss it. It hits you.
* * * LOW HITPOINT WARNING * * *
It shocks you.
You die...

#.#...........# ..
#.#.#.#######.# ##
#.#.#.#.......#
#.#.#.#.#######
#.#.#...........
#.#.###.##########
#.#.# #...........
#.#.##############
#@#..........)....
#.################
#.# #..........
#.# #.#########
#.# #p# #.# #.#
#.# #.# #.# #.#
#.######.#


There were no monsters in sight!

Vanquished Creatures
  An ogre (D:4)
  A crimson imp (D:5)
  A hound (D:5)
  A gnoll shaman (D:4)
  18 gnolls (D:4)
  3 adders
  A giant mite (D:3)
  A worm (D:3)
  A scorpion zombie (D:5)
  7 orcs
  7 giant cockroaches
  7 goblins
  10 hobgoblins
  11 jackals
  13 kobolds
  2 quokkas
  13 bats
  4 giant geckos
  4 giant newts
  8 rats
114 creatures vanquished.

Vanquished Creatures (others)
  A giant goldfish (D:4)
  An agate snail (D:4)
  2 jellyfish (D:4)
  3 big fish (D:4)
  2 gnoll shamans (D:4)
  12 jellies
  An adder (D:4)
  23 gnolls (D:4)
  A giant mite (D:4)
  2 adder skeletons
  A giant gecko (D:2)
  2 bats
  A goblin (D:4)
  3 hobgoblins
  9 jackals
  A kobold (D:3)
  2 rats
67 creatures vanquished.

Grand Total: 181 creatures vanquished

Notes
Turn   | Place    | Note
--------------------------------------------------------------
     0 | D:1      | Rycklaryybbe, the Demonspawn Gladiator, began the quest for the Orb.
     0 | D:1      | Reached XP level 1. HP: 17/17 MP: 0/0
   133 | D:1      | Reached skill level 3 in Staves
   647 | D:1      | Gained mutation: You are partially covered in sharp spines. [demonic ancestry]
   647 | D:1      | Reached XP level 2. HP: 23/23 MP: 1/1
  1215 | D:2      | Reached XP level 3. HP: 28/28 MP: 2/2
  1367 | D:2      | Reached skill level 4 in Staves
  1516 | D:2      | Found a viscous altar of Jiyva.
  1579 | D:2      | Became a worshipper of Jiyva Jobb the Shapeless
  1813 | D:2      | Acquired Jiyva's first power
  2117 | D:3      | Gained mutation: You have large cloven feet. [demonic ancestry]
  2117 | D:3      | Reached XP level 4. HP: 35/35 MP: 3/3
  2135 | D:3      | Found a snail-covered altar of Cheibriados.
  2386 | D:3      | Found a blossoming altar of Fedhas.
  2516 | D:3      | Acquired Jiyva's second power
  2616 | D:3      | Found a bloodstained altar of Trog.
  2999 | D:4      | Reached skill level 5 in Staves
  3274 | D:4      | Reached XP level 5. HP: 5/40 MP: 4/4
  3433 | D:4      | Gained mutation: You are weak (Str -1). [Jiyva's grace]
  3502 | D:4      | Acquired Jiyva's third power
  3621 | D:4      | Gained mutation: You have a small jelly attached to you that senses nearby items. [Jiyva's grace]
  3654 | D:4      | Acquired Jiyva's fourth power
  3768 | D:4      | Gained mutation: You have acidic saliva. [Jiyva's grace]
  3794 | D:4      | Noticed an ogre
  3802 | D:4      | Killed an ogre
  3802 | D:4      | Reached skill level 6 in Staves
  3820 | D:4      | Reached XP level 6. HP: 39/46 MP: 5/5
  4037 | D:4      | Gained mutation: You have a small jelly attached to you that senses nearby items. [Jiyva's grace]
  4160 | D:4      | Noticed a giant goldfish
  4514 | D:4      | Killed a giant goldfish
  4653 | D:5      | Entered Level 5 of the Dungeon
  4820 | D:5      | Reached skill level 7 in Staves
  4895 | D:5      | Noticed 4tharraofdagon's ghost (experienced DjBe)
  4925 | D:5      | Slain by a sky beast

Action                   |  1- 3 |  4- 6 || total
-------------------------+-------+-------++-------
Melee: Quarterstaff      |   143 |   224 ||   367
Throw: Throwing net      |     1 |     2 ||     3
Invok: Request Jelly     |     1 |     1 ||     2
  Use: Scroll            |       |    10 ||    10
       Potion            |       |     8 ||     8
 Stab: Sleeping          |     1 |       ||     1
